 Dungeon Crawl Stone Soup version 0.28.0-43-g3370ac3207 (webtiles) character file.

Game seed: 5268777046637188778

1608 pkoi the Zephyrmancer (level 8, 0/36 HPs)
             Began as a Spriggan Air Elementalist on Mar 8, 2022.
             Slain by a wraith (12 damage)
             ... on level 7 of the Dungeon.
             The game lasted 00:16:22 (9273 turns).

pkoi the Zephyrmancer (Spriggan Air Elementalist)   Turns: 9273, Time: 00:16:23

Health: 0/36       AC:  2    Str:  4    XL:     8   Next: 63%
Magic:  6/13       EV: 19    Int: 19    God:
Gold:   153        SH:  0    Dex: 15    Spells: 6/12 levels left

rFire   . . .      SeeInvis +   j - staff of air
rCold   . . .      Faith    .   (shield currently unavailable)
rNeg    . . .      Spirit   .   a - +0 robe
rPois   .          Reflect  .   (helmet restricted)
rElec   +          Harm     .   (no cloak)
rCorr   .          Rampage  .   (gloves unavailable)
Will    +....                   (boots unavailable)
Stlth   +++.......              (no amulet)
HPRegen 0.12/turn               (no ring)
MPRegen 0.13/turn               (no ring)

@: slowed, quick
A: very small, no large weapons, unfitting armour, see invisible, speed 3
a: no special abilities


You were on level 7 of the Dungeon.
You visited 2 branches of the dungeon, and saw 8 of its levels.

You collected 153 gold pieces.

Inventory:

Hand Weapons
 c - a +1 falchion
 g - a +2 spear of flaming
Armour
 a - a +0 robe (worn)
Magical Staves
 j - a staff of air (weapon)
Jewellery
 l - a ring of poison resistance
Scrolls
 b - a scroll of immolation {unknown}
 d - 4 scrolls of teleportation
 e - a scroll of brand weapon {unknown}
 h - 2 scrolls of identify
 i - a scroll of amnesia {unknown}
 n - a scroll of enchant weapon
Potions
 f - 3 potions of curing {unknown}
 k - a potion of degeneration
 m - 2 potions of ambrosia {unknown}
 o - 3 potions of heal wounds {unknown}
 p - 3 potions of brilliance {unknown}
 q - a potion of invisibility {unknown}


   Skills:
 - Level 5.5 Dodging
 - Level 6.6 Stealth
 - Level 2.6 Spellcasting
 - Level 0.6 Conjurations
 * Level 9.2 Air Magic


You had 6 spell levels left.
You knew the following spells:

 Your Spells              Type           Power      Damage    Failure   Level
a - Shock                 Conj/Air       100%       1d9       1%          1
b - Apportation           Tloc           4%         N/A       16%         1
c - Airstrike             Air            27%        N/A       3%          4

Your spell library contained the following spells:

 Spells                   Type           Power      Damage    Failure   Level
 Swiftness                Air            54%        N/A       1%          3
 Static Discharge         Conj/Air       31%        N/A       3%          2
 Dazzling Flash           Conj/Hex       6%         N/A       38%         3
 Silence                  Hex/Air        15%        N/A       54%         5
 Agony                    Necr           2%         N/A       99%         5
 Alistair's Intoxication  Tmut/Pois      1%         N/A       99%         5


Dungeon Overview and Level Annotations

Branches:
Dungeon (7/15)             Temple (1/1) D:6

Altars:
Ashenzari
Cheibriados
Dithmenos
Elyvilon
Fedhas
Gozag
Hepliaklqana
Kikubaaqudgha
Makhleb
Nemelex Xobeh
Okawaru
Qazlal
Ru
Uskayaw
Vehumet
Wu Jian
Xom
Yredelemnul
Zin
The Shining One

Shops:
D:2 :


Innate Abilities, Weirdness & Mutations

You are very small and have problems with some larger weapons.
You are too small for most types of armour.
You have supernaturally acute eyesight. (SInv)
You cover ground extremely quickly. (Speed+++)


Message History

A wraith comes into view.
You feel a surge of power!
The zap hits the wraith.
The wraith is lightly damaged.
You feel a surge of power!
The zap hits the wraith.
The wraith is moderately damaged.
You feel a surge of power!
The zap hits the wraith.
The wraith is heavily damaged.
You feel a surge of power!
The zap hits the wraith but does no damage.
The wraith is moderately damaged.
You feel a surge of power!
The zap hits the wraith but does no damage.
The wraith is moderately damaged.
Aiming: Shock (safe; 1% risk of failure)
Press: ? - help, Q - select action, (/) - cycle Shift-Dir - straight line, p - wraith You feel a surge of power!
The zap hits the wraith.
The wraith is heavily damaged.
The zap hits the wraith but does no damage.
The wraith is heavily damaged.
The wraith hits you!
* * * LOW HITPOINT WARNING * * *
The wraith drains your vigour!
You feel yourself slow down.
Aiming: Shock (safe; 1% risk of failure)
Press: ? - help, Q - select action, (/) - cycle Shift-Dir - straight line You feel a surge of power!
The zap hits the wraith but does no damage.
The wraith is heavily damaged.
The zap hits the wraith.
The wraith is heavily damaged.
The wraith misses you.
Aiming: Shock (safe; 1% risk of failure)
Press: ? - help, Q - select action, (/) - cycle Shift-Dir - straight line You feel a surge of power!
The zap hits the wraith but does no damage.
The wraith is heavily damaged.
The zap misses the wraith.
The wraith hits you!
* * * LOW HITPOINT WARNING * * *
The wraith hits you!
You die...

#............
#.###.#######
#............
####..##.######.
#.##..##.#
#.##..##.# ..#
#.##..##.######.#
#.#
#<....##........#
#.#
#.##..##@#####..#.#
#.#
#.##..##.W.........
#.#
#.##..#######......
#.####.##..# ...##
####....#.##..# ..#
..)......>##..# .#
####....####..# #
#....# #....#


You could see a wraith.

Vanquished Creatures
  Eustachio (D:6)
  A water moccasin (D:5)
  A necrophage (D:7)
  An ogre (D:5)
  A black bear (D:6)
  A phantom (D:6)
  2 scorpions (D:6)
  A gnoll sergeant (D:6)
  2 water moccasin skeletons
  A howler monkey (D:6)
  2 bullfrog zombies
  2 jellies (D:5)
  2 orc priests
  A hound (D:4)
  A centaur skeleton (D:5)
  A bullfrog skeleton (D:5)
  A gnoll shaman (D:7)
  2 iguanas (D:4)
  An orc wizard (D:6)
  Robin (D:2)
  11 gnolls
  14 adders
  A worm (D:2)
  3 dart slugs
  8 orcs
  5 endoplasms
  A giant cockroach (D:4)
  14 goblins
  6 hobgoblins
  6 jackals
  5 kobolds
  2 quokkas (D:1)
  8 ball pythons
  7 bats
  5 frilled lizards
  4 rats
  A spectral orc (D:4)
127 creatures vanquished.

Vanquished Creatures (others)
  A human (D:4)
  3 plants (D:2)
4 creatures vanquished.

Grand Total: 131 creatures vanquished

Notes
Turn   | Place    | Note
-------+----------+-------------------------------------------
     0 | D:1      | pkoi the Spriggan Air Elementalist began the quest for the
                  | Orb.
     0 | D:1      | Reached XP level 1. HP: 9/9 MP: 5/5
     3 | D:1      | Noticed an electric eel
     4 | D:1      | Noticed an electric eel
   374 | D:1      | Reached skill level 3 in Air Magic
   374 | D:1      | Reached XP level 2. HP: 13/13 MP: 0/6
  1051 | D:2      | Reached XP level 3. HP: 16/16 MP: 1/8
  2171 | D:2      | Found Risolan's Book Shoppe.
  2474 | D:2      | Reached XP level 4. HP: 21/21 MP: 6/9
  2483 | D:2      | Noticed Robin
  3240 | D:2      | Found a faded altar of an unknown god.
  3379 | D:2      | Killed Robin
  3380 | D:2      | Reached skill level 4 in Air Magic
  3562 | D:3      | Found a burning altar of Makhleb.
  3691 | D:3      | Reached XP level 5. HP: 24/24 MP: 2/10
  3921 | D:3      | Noticed a necrophage
  4166 | D:3      | HP: 1/24 [orc priest/divine providence (15)]
  4591 | D:3      | You fall into a shaft and drop 2 floors!
  4591 | D:5      | Entered Level 5 of the Dungeon
  4591 | D:5      | Noticed an ogre
  4632 | D:5      | Reached skill level 5 in Stealth
  4689 | D:5      | Noticed a sky beast
  4736 | D:5      | Noticed a water moccasin
  4750 | D:5      | Killed a water moccasin
  4751 | D:5      | Reached XP level 6. HP: 24/28 MP: 6/11
  4826 | D:5      | Reached skill level 5 in Dodging
  4826 | D:5      | Reached skill level 5 in Air Magic
  5472 | D:4      | Found a stormy altar of Qazlal.
  5733 | D:4      | Found a basalt altar of Yredelemnul.
  5990 | D:4      | Found an ancient bone altar of Kikubaaqudgha.
  5996 | D:4      | Noticed a human
  5999 | D:4      | Killed a human
  6083 | D:5      | Reached XP level 7. HP: 32/32 MP: 6/12
  6246 | D:4      | Learned a level 1 spell: Apportation
  6251 | D:4      | Learned a level 4 spell: Airstrike
  6700 | D:5      | Reached skill level 6 in Air Magic
  7272 | D:6      | Reached skill level 7 in Air Magic
  7372 | D:6      | Noticed Eustachio
  7410 | D:6      | Killed Eustachio
  7411 | D:6      | Reached XP level 8. HP: 36/36 MP: 4/13
  7671 | D:6      | Reached skill level 8 in Air Magic
  7822 | D:6      | Found a sacrificial altar of Ru.
  8216 | D:6      | Found a staircase to the Ecumenical Temple.
  8225 | Temple   | Entered the Ecumenical Temple
  8473 | D:7      | Noticed a boulder beetle
  8859 | D:7      | Reached skill level 9 in Air Magic
  9273 | D:7      | Slain by a wraith

Illustrated notes

Levels and vault maps discovered:
D:1:      arrival_aquarium_b, layout_basic
D:2:      layout_rooms, serial_shops,
          nicolae_shop_temple_entry_statues_fountains,
          shapermc_ecumenical_altar_hornbeckon, st_stairs_8,
          minmay_tetromino_t4, uniq_robin
D:3:      layout_rooms, nicolae_overflow_crystal_walls
D:4:      layout_gridville, nicolae_qazlal_scattered_showers, tgw_kikubaaqudgha,
          yredelemnul_forgotten_temple_becter
D:5:      layout_rooms
D:6:      layout_loops_ring, nicolae_ru_path_of_blood,
          minmay_temple_entry_mini_moons, uniq_eustachio
D:7:      layout_basic, mainiacjoe_overflow_alcove_2, corexii_leaking_fountain,
          minmay_crystal_room
Temple:   minmay_freezing_vapour_temple

Skill      XL: |  1  2  3  4  5  6  7  8 |
---------------+-------------------------+-----
Dodging        | 3 4 5 |  5.5
Air Magic      | 3 4 5 7 9 |  9.2
Stealth        | 4 5 6 |  6.6
Spellcasting   | |  2.6
Conjurations   | |  0.6

Action                   |  1- 3 |  4- 6 |  7- 9 || total
-------------------------+-------+-------+-------++-------
Melee: Falchion          |    24 |    25 |       ||    49
       Staff             |       |     2 |       ||     2
 Cast: Shock             |    93 |   163 |   169 ||   425
  Use: Scroll            |       |     1 |     6 ||     7
Armor: Robe              |       |     4 |     3 ||     7
Dodge: Dodged            |    28 |    81 |    18 ||   127
